 Dungeon Sprint DCSS version 0.17-a0-1674-g2b13139 (webtiles) character file.

320 Kidiri the Covert (level 6, -9/28 HPs)
             Began as a Spriggan Enchanter on Aug 18, 2015.
             Was an Initiate of Dithmenos.
             Mangled by a spatial vortex (10 damage)
             ... in the Dungeon (Sprint III: "The Ten Rune Challenge").
             The game lasted 00:05:21 (994 turns).

Kidiri the Covert (Spriggan Enchanter)               Turns: 994, Time: 00:05:22

Health: -9/28      AC:  3    Str:  4    XL:     6   Next: 22%
Magic:  1/17       EV: 25    Int: 17    God:    Dithmenos [......]
Gold:   23         SH:  0    Dex: 18    Spells: 5 memorised, 8 levels left

rFire  . . .     SeeInvis +     a - +1 dagger
rCold  . . .     Clarity  .     b - +1 robe
rNeg   . . .     SustAt   .     (shield restricted)
rPois  .         Gourm    .     (helmet restricted)
rElec  .         Spirit   .     (no cloak)
rCorr  .         Warding  .     (gloves unavailable)
rMut   .         NoTele   +     (boots unavailable)
MR     +....                    (no amulet)
Stlth  +++++.....               (no ring)
                                (no ring)

@: very quick, somewhat resistant to hostile enchantments, quite stealthy
A: unfitting armour, beak, see invisible, herbivore 3, speed 3, slow metabolism
2
a: Renounce Religion


You were in the Dungeon.
You worshipped Dithmenos.
Dithmenos was noncommittal.
You were not hungry.

You visited 1 branch You collected 23 gold pieces.

Inventory:

Hand weapons
 a - a +1 dagger (weapon)
Armour
 b - a +1 robe (worn)
Magical devices
 e - a wand of random effects (27)
Scrolls
 j - a scroll of blinking
 l - a scroll of holy word
 n - 3 scrolls of remove curse
 q - a scroll of immolation {unknown}
Potions
 f - a potion of heal wounds
 g - a potion of haste
 h - 2 potions of magic
 o - a potion of cure mutation
 p - a potion of degeneration {unknown}
 s - 2 potions of flight
Comestibles
 d - a bread ration
 r - 2 royal jellies


   Skills:
 + Level 4.7 Short Blades
 * Level 9.3 Dodging
 * Level 10.4 Stealth
 * Level 7.7 Spellcasting
 + Level 2.1 Conjurations
 + Level 6.2 Hexes
 + Level 2.7 Ice Magic
 + Level 0.0 Invocations


You had 8 spell levels left.
You knew the following spells:

 Your Spells              Type           Power        Failure   Level  Hunger
a - Corona                Hex            ####...      1%          1    None
b - Ensorcelled Hibernat  Hex/Ice        ###...       2%          2    None
c - Confuse               Hex            ####....     2%          3    #......
d - Tukima's Dance        Hex            ####....     2%          3    #......
e - Dazzling Spray        Conj/Hex       ###.....     8%          3    #......


Dungeon Overview and Level Annotations

Branches:
Dungeon (1/1)

Altars:
Dithmenos
Gozag
Makhleb
Nemelex Xobeh
Qazlal
Ru
Xom
Jiyva
Lugonu


Innate Abilities, Weirdness & Mutations

You are tiny and cannot use many weapons and most armour.
You have supernaturally acute eyesight.
You are a herbivore.
You cover ground extremely quickly.
You need consume almost no food.
You have a beak for a mouth.


Message History

You barely miss the spatial vortex.
The spatial vortex is almost destroyed.
You hit the spatial vortex.
The spatial vortex is almost destroyed.
You hit the spatial vortex.
The spatial vortex is almost destroyed.
You hit the spatial vortex.
The spatial vortex is almost destroyed.
You barely miss the spatial vortex.
The spatial vortex is almost destroyed.
There is an open door here.
You hit the spatial vortex.
The spatial vortex is almost destroyed.
You hit the spatial vortex.
The spatial vortex is almost destroyed.
The spatial vortex hits you!!
Ouch! That really hurt!
* * * LOW HITPOINT WARNING * * *
Space warps horribly around you!
You die...

.≈.♣♣♣♣.###+#+###+##
≈≈..♣♣..#..........#
≈≈≈.♣♣..'.⌠........#
≈≈≈≈≈.♣.#...######'#
≈≈≈≈....#.⌠.#__#...#
≈≈≈.....#...#__#...#
≈.......#+###__#...#
........# #__#.v.+
........# #_.'@..#
▓▓▓▓▓▓▓▓▓ ▓▓▓▓▓▓▓▓


You could see a spatial vortex.

Vanquished Creatures
  A shadow (D)
  A water elemental (D)
  A wolf (D)
  Jessica (D)
  A jelly (D)
  A human (D)
  An ooze (D)
  2 rats (D)
9 creatures vanquished.

Vanquished Creatures (others)
  2 draconian scorchers (D)
  3 yaktaurs (D)
  3 plants (D)
8 creatures vanquished.

Grand Total: 17 creatures vanquished

Notes
Turn   | Place    | Note
--------------------------------------------------------------
     0 | D        | Kidiri the Spriggan Enchanter began the quest for the Orb.
     0 | D        | Reached XP level 1. HP: 9/9 MP: 5/5
    22 | D        | Killed a yaktaur
   189 | D        | Killed a white draconian scorcher
   253 | D        | Reached skill level 5 in Stealth
   257 | D        | Killed a white draconian scorcher
   384 | D        | Killed a yaktaur
   464 | D        | Noticed Jessica
   472 | D        | Killed Jessica
   472 | D        | Reached skill level 5 in Dodging
   472 | D        | Reached skill level 6 in Stealth
   472 | D        | Reached XP level 2. HP: 11/13 MP: 6/8
   472 | D        | Reached XP level 3. HP: 13/16 MP: 6/9
   477 | D        | Learned a level 2 spell: Ensorcelled Hibernation
   481 | D        | Learned a level 3 spell: Confuse
   485 | D        | Learned a level 3 spell: Tukima's Dance
   492 | D        | Killed a yaktaur
   600 | D        | Noticed a wolf
   614 | D        | Killed a wolf
   614 | D        | Reached skill level 7 in Stealth
   632 | D        | Reached skill level 5 in Spellcasting
   632 | D        | Reached skill level 1 in Ice Magic
   632 | D        | Reached XP level 4. HP: 21/21 MP: 8/12
   637 | D        | Learned a level 3 spell: Dazzling Spray
   663 | D        | Gained mutation: You have a beak for a mouth. [potion of mutation]
   663 | D        | Gained mutation: Potions and wands are less effective at restoring your health. [potion of mutation]
   663 | D        | Gained mutation: Your flesh is heat resistant. [potion of mutation]
   664 | D        | Gained mutation: You occasionally shout uncontrollably at your foes. [potion of mutation]
   664 | D        | Gained mutation: You are dopey. (Int -2) [potion of mutation]
   664 | D        | Gained mutation: Your spells are a little harder to cast, but a little more powerful. [potion of mutation]
   665 | D        | Lost mutation: Your flesh is heat resistant. [potion of cure mutation]
   665 | D        | Lost mutation: Potions and wands are less effective at restoring your health. [potion of cure mutation]
   665 | D        | Lost mutation: You are dopey. (Int -2) [potion of cure mutation]
   665 | D        | Lost mutation: You occasionally shout uncontrollably at your foes. [potion of cure mutation]
   665 | D        | Lost mutation: Your spells are a little harder to cast, but a little more powerful. [potion of cure mutation]
   702 | D        | Noticed a water elemental
   705 | D        | Killed a water elemental
   705 | D        | Reached skill level 8 in Stealth
   705 | D        | Reached skill level 1 in Conjurations
   705 | D        | Reached skill level 5 in Hexes
   705 | D        | Reached XP level 5. HP: 24/24 MP: 12/14
   725 | D        | Noticed a jelly
   726 | D        | Noticed a shadow
   760 | D        | Killed a shadow
   760 | D        | Reached skill level 9 in Dodging
   760 | D        | Reached skill level 10 in Stealth
   760 | D        | Reached XP level 6. HP: 28/28 MP: 1/17
   889 | D        | Killed a jelly
   967 | D        | Found a stormy altar of Qazlal.
   968 | D        | Noticed a spatial vortex
   968 | D        | Found a sacrificial altar of Ru.
   968 | D        | Found a burning altar of Makhleb.
   968 | D        | Found a viscous altar of Jiyva.
   968 | D        | Found a shimmering altar of Xom.
   968 | D        | Found a shadowy altar of Dithmenos.
   968 | D        | Found a sparkling altar of Nemelex Xobeh.
   968 | D        | Found a corrupted altar of Lugonu.
   968 | D        | Found an opulent altar of Gozag.
   972 | D        | Became a worshipper of Dithmenos the Shadowed
   994 | D        | HP: 1/28 [spatial vortex (27)]
   994 | D        | Mangled by a spatial vortex

Vault maps used:
D:        dungeon_sprint_mu

Action                   |  1- 3 |  4- 6 || total
-------------------------+-------+-------++-------
Melee: Dagger            |    24 |    20 ||    44
 Cast: Ensorcelled Hiber |     2 |     1 ||     3
       Dazzling Spray    |       |     9 ||     9
  Use: Potion            |     1 |     4 ||     5
       Scroll            |       |     3 ||     3
 Stab: Sleeping          |     2 |     2 ||     4
